Map: Emerald City LE

Players

xek

  • Race: Terran Terran
  • League: Platinum
  • Spawn Location: 11:00

Heretic

  • Race: Protoss Protoss
  • League: Platinum
  • Spawn Location: 11:00

Massa

  • Race: Terran Terran
  • League: Gold
  • Spawn Location: 5:00

qqq

  • Race: Protoss Protoss
  • Spawn Location: 5:00

VOD

Have the link to the VOD?

Description

Time

  • Played on: July 11, 2020, 9:25 a.m.
  • Length: 13:17
Show
View Real Time Build Order
Export as new Build Order

xek Terran 

Build Orders:  

Get SALT Encoding   

  12  0:12  Supply Depot  
  12  0:13  SCV  
  13  0:25  SCV  
  14  0:36  Barracks  
  14  0:37  SCV  
  15  0:49  SCV  
  16  0:51  Refinery  
  16  1:06  SCV  
  17  1:18  SCV  
  18  1:23  Refinery  
  18  1:30  SCV  
  19  1:35  Reaper  
  20  1:42  SCV  
  21  1:54  SCV  
  22  2:17  Factory  
  22  2:21  Orbital Command  
  22  2:25  Marine  
  23  2:43  Command Center  
  23  3:02  Barracks  
  23  3:09  Marine  
  23  3:13  Factory Tech Lab  
  23  3:17  Supply Depot  
  23  3:38  Siege Tank  
  23  3:39  Supply Depot  
  26  3:41  SCV  
  26  3:45  Marine  
  28  3:53  SCV  
  28  3:54  Starport  
  29  3:58  SCV  
  30  4:03  Marine  
  30  4:05  SCV  
  32  4:10  SCV  
  32  4:11  Siege Tank  
  36  4:22  Supply Depot  
  36  4:24  Marine  
  37  4:32  Medivac  
  37  4:36  SCV x2  
  41  4:39  Refinery  
  41  4:42  Marine  
  41  4:43  Widow Mine  
  44  4:46  Barracks Tech Lab  
  44  4:48  SCV  
  45  4:59  Marine  
  45  5:04  Widow Mine  
  48  5:23  Liberator  
  45  6:06  Liberator  
  48  6:13  Marine, Siege Tank  
  48  6:17  Marine  
  53  6:18  SCV x2  
  53  6:24  Barracks  
  52  6:28  Engineering Bay  
  52  6:30  SCV x2  
  52  6:31  Marine  
  54  6:35  Marine  
  54  6:45  Siege Tank  
  57  6:49  Marine  
  57  6:53  Marine  
  54  7:02  Liberator  
  57  7:13  Barracks  
  48  7:40  Marine x2  
  51  7:44  SCV x2  
  51  7:45  Medivac  
  51  7:46  Siege Tank  
  57  7:56  SCV x2  
  57  7:57  Combat Shield  
  57  7:58  Marine x2  
  60  8:02  Marine  
  60  8:03  Marine  
  60  8:08  Terran Infantry Weapons Level 1  
  60  8:11  Supply Depot  
  57  8:16  Marine x2  
  57  8:18  Refinery  
  57  8:20  Marine x2  
  57  8:25  Command Center  
  59  8:33  Marine  
  59  8:34  Marine  
  61  8:35  Supply Depot  
  61  8:38  Marine  
  59  8:44  Widow Mine  
  57  9:00  Supply Depot  
  54  9:05  Widow Mine, Missile Turret  
  53  9:10  Marine x4  
  51  9:24  Supply Depot  
  51  9:27  Widow Mine, SCV x2, Marine, Supply Depot  
  51  9:28  Marine x3  
  59  9:39  Refinery, SCV x2  
  59  9:41  Missile Turret  
  59  9:45  Marine  
  61  9:46  Marine x3  
  61  9:48  Siege Tank  
  61  9:51  SCV x2  
  70  9:55  Armory  
  70  9:57  SCV  
  71  10:02  Terran Infantry Armor Level 1  
  71  10:03  SCV x2, Marine x2  
  71  10:04  Refinery, Marine x2  
  77  10:09  SCV  
  78  10:15  SCV  
  78  10:20  Siege Tank  
  78  10:21  Marine x4  
  82  10:25  Viking  
  82  10:26  Supply Depot  
  88  10:32  SCV x3  
  91  10:39  Marine x4  
  91  10:52  Siege Tank  
  91  10:55  Viking  
  91  10:56  Marine  
  93  11:24  Siege Tank  
  96  11:33  SCV x3  
  96  11:38  Missile Turret  
  99  11:45  SCV x3  
  102  11:53  Viking  
  104  12:07  Orbital Command  
  104  12:08  Orbital Command  
  104  12:14  Widow Mine  
  106  12:23  Viking  
  108  12:36  Widow Mine  
  110  12:41  Marine  
  110  12:42  Marine x3  
Show
View Real Time Build Order
Export as new Build Order

Heretic Protoss 

Build Orders:  

Get SALT Encoding   

  12  0:01  Probe  
  13  0:13  Pylon  
  13  0:16  Probe  
  14  0:24  Probe  
  15  0:36  Gateway  
  15  0:37  Probe  
  16  0:46  Assimilator  
  16  0:49  Probe  
  17  1:03  Probe  
  18  1:15  Probe  
  19  1:19  Gateway  
  19  1:27  Probe  
  20  1:35  Cybernetics Core  
  20  1:40  Assimilator  
  20  1:47  Gateway  
  20  1:56  Probe  
  20  1:58  Gateway  
  21  2:04  Probe  
  22  2:11  Pylon  
  22  2:14  Probe, Warp Gate  
  22  2:21  Stalker  
  23  2:23  Robotics Facility  
  25  2:45  Stalker  
  27  2:53  Stalker  
  29  3:03  Stalker  
  31  3:22  Pylon  
  31  3:40  Warp Prism  
  37  3:43  Pylon  
  33  4:04  Probe, Nexus  
  34  4:12  Probe  
  35  4:20  Observer, Probe  
  37  4:28  Probe  
  37  4:36  Probe  
  39  4:48  Stalker x4  
  47  4:55  Pylon  
  47  5:13  Probe  
  48  5:19  Stalker x3  
  54  5:25  Probe  
  53  5:55  Stalker x4  
  61  6:10  Observer  
  61  6:17  Probe  
  62  6:22  Pylon  
  62  6:24  Pylon  
  62  6:27  Assimilator  
  62  6:30  Probe  
  62  6:32  Assimilator  
  51  6:42  Probe  
  50  6:48  Stalker x3  
  50  6:49  Stalker  
  50  6:54  Probe  
  49  7:30  Stalker x3  
  49  7:31  Stalker  
  57  7:40  Forge  
  57  7:42  Gateway  
  57  7:44  Probe, Gateway  
  58  7:56  Probe  
  57  8:08  Probe  
  58  8:20  Probe  
  53  8:45  Protoss Ground Weapons Level 1  
  53  8:58  Stalker x5  
  53  8:59  Stalker  
  53  9:01  Probe  
  66  9:13  Probe  
  66  9:15  Twilight Council  
  67  9:19  Nexus  
  67  9:21  Pylon  
  67  9:24  Pylon  
  67  9:25  Probe  
  67  9:26  Pylon  
  67  9:27  Immortal  
  67  9:29  Assimilator  
  67  9:31  Assimilator  
  72  9:32  Probe  
  73  9:41  Pylon  
  73  9:43  Protoss Air Weapons Level 1  
  73  9:44  Probe  
  74  9:56  Probe  
  75  10:06  Immortal  
  79  10:08  Probe, Blink  
  80  10:15  Stalker x2  
  80  10:16  Stalker x2  
  80  10:20  Probe, Stalker  
  80  10:21  Stalker  
  93  10:32  Probe  
  94  10:37  Photon Cannon  
  94  10:39  Observer, Photon Cannon  
  94  10:41  Photon Cannon  
  94  10:43  Photon Cannon  
  94  10:44  Probe  
  94  10:45  Photon Cannon  
  95  10:52  Stalker x5  
  95  10:56  Probe  
  104  11:38  Immortal, Stalker x3  
  104  11:39  Stalker x3  
  120  12:03  Stalker x3  
  120  12:04  Stalker x2  
  130  12:14  Gateway  
  130  12:15  Gateway  
  130  12:17  Gateway  
  130  12:24  Nexus  
  74  13:02  Stalker x4  
  74  13:03  Stalker x2  
Show
View Real Time Build Order
Export as new Build Order

Massa Terran 

Build Orders:  

Get SALT Encoding   

  12  0:02  SCV  
  13  0:17  Supply Depot  
  13  0:18  SCV  
  14  0:30  SCV  
  15  0:44  SCV  
  15  0:49  Barracks  
  16  0:56  SCV  
  17  1:00  Refinery  
  17  1:08  SCV  
  18  1:20  SCV  
  19  1:32  SCV  
  20  1:37  Supply Depot  
  20  1:43  Reaper  
  21  1:48  Orbital Command  
  21  2:04  Command Center  
  21  2:15  Reaper  
  21  2:20  SCV  
  22  2:34  SCV  
  23  2:37  Barracks  
  23  2:46  SCV  
  23  2:58  SCV  
  24  3:10  SCV  
  25  3:22  SCV  
  26  3:33  Marine  
  26  3:34  SCV  
  26  3:35  Orbital Command  
  26  3:39  Barracks  
  26  3:41  Refinery  
  27  3:45  Barracks  
  27  3:49  Factory  
  27  3:51  Marine  
  27  3:53  Barracks  
  28  3:59  Engineering Bay  
  28  4:02  Engineering Bay  
  28  4:04  SCV  
  28  4:07  SCV  
  28  4:09  Marine  
  31  4:17  SCV  
  32  4:18  Barracks Tech Lab  
  32  4:19  SCV  
  33  4:26  Marine  
  33  4:29  SCV  
  35  4:33  Starport  
  35  4:35  Terran Infantry Armor Level 1, Terran Infantry Weapons Level 1  
  35  4:41  SCV  
  35  4:42  Factory Tech Lab  
  35  4:44  Barracks Tech Lab  
  36  4:53  SCV  
  36  4:54  Supply Depot  
  36  4:55  Supply Depot x2  
  36  4:56  Missile Turret  
  37  5:02  Refinery  
  37  5:04  Marauder x2  
  37  5:15  Marine  
  37  5:20  Bunker  
  38  5:25  Marauder x2  
  40  5:34  Marine  
  29  5:43  Marine  
  29  5:45  Marine  
  29  5:47  Marauder x2  
  31  5:52  Siege Tank  
  32  6:01  Marine  
  32  6:03  Marine, Medivac  
  34  6:18  Marine  
  34  6:19  Marine  
  34  6:23  SCV  
  35  6:36  SCV  
  26  6:42  Marine  
  26  6:43  Marine  
  27  7:02  SCV x2  
  27  7:14  SCV x2  
  29  7:22  Marine x2  
  29  7:26  SCV x2  
  31  7:38  SCV x2  
  31  7:40  Marine x2  
  31  7:42  Barracks  
  35  7:50  SCV x2  
  37  7:58  Marine x2  
  38  8:05  Bunker  
  37  8:16  Marine x2  
  38  8:33  Marine  
  38  8:34  Marine  
  38  8:39  SCV x2  
  39  8:42  Marine  
  39  8:47  Factory Tech Lab  
  40  8:51  SCV, Marine x2  
  40  8:52  SCV  
  40  8:54  Barracks  
  44  9:00  Marine  
  45  9:03  SCV  
  45  9:04  SCV  
  45  9:09  Marine x2  
  49  9:16  SCV  
  50  9:18  Marine  
  50  9:19  Bunker  
  50  9:21  Missile Turret  
  51  9:27  Marine x2  
  51  9:30  Missile Turret  
  53  9:35  Marine  
  54  9:45  Supply Depot  
  54  9:47  Supply Depot  
  54  9:48  Supply Depot  
  54  9:50  Supply Depot  
  54  10:07  SCV x2, Marine x3, Medivac, Barracks Tech Lab  
  61  10:19  SCV  
  62  10:25  Marine  
  62  10:26  Barracks Tech Lab  
  62  10:27  Marine x2  
  65  10:33  Command Center  
  65  10:42  Marine  
  65  10:45  Marine  
  65  11:25  Barracks Tech Lab, Marine x3  
  64  11:43  Marine x3  
  64  11:45  Missile Turret  
  67  11:48  Armory  
  67  11:52  SCV  
  67  11:53  SCV  
  69  11:59  Marauder  
  69  12:01  Marauder x2  
  69  12:02  Marauder  
  69  12:04  SCV, Concussive Shells  
  69  12:05  SCV  
  69  12:07  Medivac  
  76  12:17  SCV x2  
  76  12:20  Marauder  
  81  12:23  Marauder  
  81  12:27  SCV  
  81  12:29  SCV x2  
  72  12:37  Medivac  
  72  12:38  Marauder x2  
  72  12:39  SCV  
  72  12:41  SCV x2, Marauder, Siege Tank  
  86  12:44  Marauder  
  71  12:51  SCV  
  71  12:53  SCV x2  
  60  13:03  SCV  
Show
View Real Time Build Order
Export as new Build Order

qqq Protoss 

Build Orders: 1 Gate Expand 

Get SALT Encoding   

  12  0:05  Probe  
  13  0:17  Pylon  
  13  0:27  Pylon  
  13  0:38  Probe  
  14  0:49  Gateway  
  14  0:50  Probe  
  15  1:03  Probe  
  16  1:06  Assimilator  
  16  1:15  Probe  
  17  1:37  Nexus  
  17  1:49  Cybernetics Core  
  17  1:50  Probe  
  18  2:02  Probe  
  19  2:14  Probe  
  20  2:26  Probe  
  20  2:27  Assimilator  
  21  2:32  Stalker  
  21  2:39  Probe  
  24  2:48  Probe  
  25  2:56  Probe  
  25  3:04  Probe  
  27  3:15  Probe  
  27  3:18  Stargate  
  28  3:22  Assimilator  
  28  3:26  Probe, Assimilator  
  29  3:27  Probe  
  30  3:38  Probe, Stargate  
  30  3:39  Probe  
  32  3:42  Pylon  
  32  3:50  Probe  
  32  3:51  Probe  
  34  4:01  Phoenix  
  37  4:02  Probe  
  37  4:03  Probe  
  38  4:14  Probe  
  38  4:16  Probe  
  40  4:21  Phoenix  
  40  4:24  Protoss Air Weapons Level 1  
  42  4:26  Phoenix  
  42  4:27  Probe  
  42  4:28  Probe  
  46  4:39  Probe  
  46  4:40  Probe  
  48  4:46  Phoenix  
  48  4:48  Forge  
  48  4:52  Probe  
  47  5:25  Photon Cannon  
  47  5:26  Photon Cannon  
  47  5:28  Photon Cannon, Pylon  
  47  5:30  Photon Cannon  
  46  5:37  Probe  
  46  5:38  Pylon  
  46  5:39  Pylon  
  46  5:40  Phoenix, Pylon  
  45  5:43  Pylon  
  45  5:44  Phoenix  
  43  6:05  Phoenix  
  42  6:21  Phoenix  
  42  6:38  Phoenix  
  44  7:00  Phoenix  
  46  7:03  Phoenix  
  48  7:09  Nexus  
  46  7:32  Phoenix x2  
  50  7:57  Phoenix x2  
  54  8:01  Protoss Air Armor Level 1  
  48  8:28  Assimilator  
  48  8:32  Assimilator  
  48  8:33  Probe  
  49  8:35  Pylon  
  49  8:45  Probe, Fleet Beacon  
  50  8:57  Probe  
  52  9:10  Probe  
  52  9:13  Phoenix x2  
  56  9:22  Probe  
  55  9:34  Probe  
  55  9:38  Phoenix x2  
  60  9:46  Probe  
  57  9:53  Nexus  
  57  9:58  Probe  
  53  10:03  Carrier  
  56  10:15  Carrier  
  59  10:21  Pylon  
  59  10:59  Photon Cannon  
  59  11:01  Photon Cannon  
  59  11:02  Photon Cannon  
  59  11:05  Probe  
  60  11:17  Probe  
  59  11:29  Probe  
  60  11:41  Probe  
  69  11:48  Assimilator  
  69  11:53  Probe  
  70  12:04  Pylon  
  70  12:05  Probe  
  70  12:06  Pylon  
  70  12:17  Probe  
Tags
 
Add a new tag
Caveats
  • Supply blocks, unpowered buildings, or Contaminate may cause inaccurate times.
  • Supply counts are checked every 10 seconds.